 Dungeon Crawl Stone Soup version 0.29.1-1-gd02db6906a (webtiles) character file.

Game seed: 14864855542355797889

79 raistware the Conjurer (level 4, -5/27 HPs)
             Began as an Octopode Conjurer on Oct 3, 2022.
             Slain by Terence
             ... wielding a +1 flail of protection
              (10 damage)
             ... on level 2 of the Dungeon.
             The game lasted 00:03:06 (1835 turns).

raistware the Conjurer (Octopode Conjurer)          Turns: 1835, Time: 00:03:07

Health: -5/27      AC:  1    Str:  6    XL:     4   Next: 37%
Magic:  3/10       EV: 13    Int: 22    God:
Gold:   71         SH:  0    Dex: 10    Spells: 6/11 levels left

rFire   . . .      SeeInvis .   (no weapon)
rCold   . . .      Faith    .   (no shield)
rNeg    . . .      Spirit   .   (helmet restricted)
rPois   .          Reflect  .   (no amulet)
rElec   .          Harm     .   g - +4 ring of slaying
rCorr   .          Rampage  .   (no ring)
Will    .....                   (no ring)
Stlth   +++.......              (no ring)
HPRegen 0.09/turn               (no ring)
MPRegen 0.12/turn               (no ring)
                                (no ring)
                                (no ring)

@: no status effects
A: almost no armour, amphibious, 8 rings, camouflage 1, gelatinous body 1,
(nimble swimmer 1), tentacles
a: no special abilities


You were on level 2 of the Dungeon.
You visited 1 branch of the dungeon, and saw 2 of its levels.

You collected 71 gold pieces.

Inventory:

Jewellery
 g - a +4 ring of slaying (left tentacle)
Scrolls
 b - 6 scrolls of identify {unknown}
 c - 2 scrolls of teleportation {unknown}
 e - a scroll of vulnerability {unknown}
 k - a scroll of fog {unknown}
Potions
 a - 3 potions of magic
 d - 2 potions of curing {unknown}
 f - a potion of flight {unknown}
 h - a potion of berserk rage {unknown}
 i - 2 potions of ambrosia {unknown}
 j - a potion of attraction {unknown}
 l - a potion of brilliance {unknown}


   Skills:
 - Level 2.0 Dodging
 - Level 2.6 Stealth
 - Level 4.0 Spellcasting
 + Level 4.2 Conjurations
 * Level 0.1 Translocations


You had 6 spell levels left.
You knew the following spells:

 Your Spells              Type           Power      Damage    Failure   Level
a - Magic Dart            Conj           88%        1d7       1%          1
b - Iskenderun's Mystic   Conj/Tloc      14%        2d5       41%         4

Your spell library contained the following spells:

 Spells                   Type           Power      Damage    Failure   Level
 Searing Ray              Conj           44%        2d6       3%          2
 Dazzling Flash           Conj/Hex       26%        N/A       14%         3
 Fulminant Prism          Conj/Hex       6%         3d7       43%         4


Dungeon Overview and Level Annotations

Branches:
Dungeon (2/15)

Altars:

Shops:
D:1 (

Annotations:
D:2 Terence


Innate Abilities, Weirdness & Mutations

You cannot wear most types of armour.
You are amphibious.
You can wear up to eight rings at the same time.
Your skin changes colour to match your surroundings (Stealth+).
Your rubbery body absorbs attacks. (AC +1, EV +1)
((You are camouflaged when in or above water. (Stealth+)))
You have tentacles for arms and can constrict up to eight enemies at once.


Message History

You see here a ball python corpse.
There is an open door here.
There is an open door here.
You now have 71 gold pieces (gained 12).
There is an open door here.
There is an open door here.
As you open the door, it creaks loudly!
There is an open door here.
There is an open door here.
There is an open door here.
Terence and a dart slug come into view.
Terence is wielding a +1 flail of protection.
The magic dart hits Terence but does no damage.
The magic dart hits Terence but does no damage.
Terence says, "Did you write a will?
You should..."
The magic dart hits Terence but does no damage.
Terence screams, "I'm going to kill you!"
The magic dart hits Terence.
Terence is lightly wounded.
The magic dart hits Terence.
Terence is moderately wounded.
The magic dart hits Terence.
Terence is severely wounded.
The magic dart hits Terence but does no damage.
Terence is heavily wounded.
The dart slug launches a dart at you. The slug dart hits you.
Terence closely misses you.
The magic dart hits Terence.
Terence is severely wounded.
Terence hits you with a +1 flail of protection!
You are too injured to fight recklessly!
You tentacle-slap Terence but do no damage.
Your grab misses Terence.
Terence is severely wounded.
Terence hits you with a +1 flail of protection.
* * * LOW HITPOINT WARNING * * *
You barely miss Terence. Your grab misses Terence. You squeeze Terence.
Terence is almost dead.
Terence hits you with a +1 flail of protection!
You die...

..(###.#... #.##..... ##.# # ..
#........#.##..... ##### #..
#.......[.......>. ..†.. .#.
#.####w......##.###...# ####+#..
##.......)...##.##.†#.# #....#
#............##.##.##.# #....#
#...........##....##.# # #....#
#...........##........ ###<...#
#...@@......#..#####.# ..#....#
...####.......#.######.# .......#
#..............#'# ##.....#....
#........#........ #...(.#....#
#........#.......†
##.####....#########...#........
#.# #....#..........##........
###.## #....#.#######...'........
.##..###....#.........###........


You could see Terence and a dart slug.

Vanquished Creatures
  Natasha (twice) (D:2)
  An adder (D:2)
  A worm (D:2)
  4 bats
  An endoplasm (D:2)
  A giant cockroach (D:2)
  3 goblins
  A hobgoblin (D:1)
  A quokka (D:1)
  5 ball pythons
  A frilled lizard (D:1)
  2 rats
23 creatures vanquished.

Notes
Turn   | Place    | Note
-------+----------+-------------------------------------------
     0 | D:1      | raistware the Octopode Conjurer began the quest for the
                  | Orb.
     0 | D:1      | Reached XP level 1. HP: 11/11 MP: 3/3
    73 | D:1      | Found Kateav's Weapon Shop.
   258 | D:1      | Found a faded altar of an unknown god.
   589 | D:1      | Reached XP level 2. HP: 11/17 MP: 1/5
  1092 | D:2      | Noticed Natasha
  1096 | D:2      | Killed Natasha
  1097 | D:2      | Reached XP level 3. HP: 13/21 MP: 1/7
  1494 | D:2      | Identified the +4 sling "Mirphagu" {vorpal, Str+5 Int-3}
  1517 | D:2      | Noticed Natasha
  1524 | D:2      | Killed Natasha
  1525 | D:2      | Reached XP level 4. HP: 15/27 MP: 1/10
  1530 | D:2      | Learned a level 4 spell: Iskenderun's Mystic Blast
  1825 | D:2      | Noticed Terence
  1835 | D:2      | Slain by Terence

Illustrated notes

Levels and vault maps discovered:
D:1:      tarquinn_simple_flora_water_e, layout_loops_ring,
          ebering_ecumenical_altar_sacrificial, serial_shops,
          nicolae_shop_advertising_works [nicolae_subvault_shop_adworks]
D:2:      layout_basic, nrook_loot_triangle, uniq_terence, uniq_natasha

Skill      XL: |  1  2  3 |
---------------+----------+-----
Spellcasting   | 3 4 |  4.0
Dodging        | |  2.0
Stealth        | |  2.6
Conjurations   | |  4.2
Translocations | |  0.1

Action                   |  1- 3 |  4- 6 || total
-------------------------+-------+-------++-------
Melee: Unarmed           |     3 |     2 ||     5
       Tentacles         |     2 |     1 ||     3
 Cast: Magic Dart        |    49 |    14 ||    63
Armor: Skin              |     1 |       ||     1
Dodge: Dodged            |     4 |     1 ||     5
